 Dungeon Crawl Stone Soup version 0.21.1-1-g345015fe64 (webtiles) character file.

94 Mrkan the Chopper (level 4, -1/39 HPs)
             Began as a Minotaur Fighter on May 6, 2018.
             Slain by Mrkan's ghost (4 damage)
             ... on level 3 of the Dungeon.
             The game lasted 00:03:59 (1801 turns).

Mrkan the Chopper (Minotaur Fighter)                Turns: 1801, Time: 00:04:00

Health: -1/39      AC:  7    Str: 22    XL:     4   Next: 38%
Magic:  3/3        EV:  7    Int:  5    God:
Gold:   91         SH:  9    Dex:  9    Spells: 3/3 levels left

rFire    . . .     SeeInvis .   a - +0 war axe
rCold    . . .     Gourm    .   c - +0 shield
rNeg     . . .     Faith    .   b - +0 scale mail
rPois    .         Spirit   .   (helmet restricted)
rElec    .         Reflect  .   (no cloak)
rCorr    .         Harm     .   (no gloves)
MR       .....                  (no boots)
Stlth    ..........             (no amulet)
HPRegen  0.13/turn              (no ring)
MPRegen  0.08/turn              (no ring)

@: no status effects
A: retaliatory headbutt, horns 2
a: no special abilities


You were on level 3 of the Dungeon.
You were not hungry.

You visited 1 branch of the dungeon, and saw 3 of its levels.

You collected 91 gold pieces.

Inventory:

Hand Weapons
 a - a +0 war axe (weapon)
Armour
 b - a +0 scale mail (worn)
 c - a +0 shield (worn)
Jewellery
 h - an uncursed ring of see invisible {unknown}
Scrolls
 e - 2 scrolls of identify
 i - a scroll of blinking {unknown}
 j - a scroll of remove curse
Potions
 d - 2 potions of might
 k - a potion of flight {unknown}
 l - a potion of invisibility {unknown}
 m - a potion of curing {unknown}
 n - 2 potions of brilliance
 o - a potion of haste {unknown}
 p - 2 potions of degeneration {unknown}
 q - a potion of heal wounds {unknown}
 r - a potion of agility {unknown}
 s - a potion of lignification {unknown}
Comestibles
 f - 7 rations
 g - 4 chunks of flesh


   Skills:
 - Level 3.6 Fighting
 * Level 4.8 Axes
 + Level 4.6 Armour
 - Level 3.6 Shields


You had 3 spell levels left.
You didn't know any spells.

Dungeon Overview and Level Annotations

Branches:
Dungeon (3/15)

Altars:

Annotations:
D:3 Mrkan's ghost, amateur TrMo


Innate Abilities, Weirdness & Mutations

You reflexively headbutt those who attack you in melee.
You have a pair of horns on your head.


Message History

You see here a pair of boots.
Mrkan's ghost (amateur Troll Monk) comes into view.
Press: ? - help, v - describe, . - travel The floor.
Mrkan's ghost hits you.
Your shield and scale mail prevent you from hitting Mrkan's ghost.
Mrkan's ghost hits you but does no damage.
You completely miss Mrkan's ghost.
You headbutt Mrkan's ghost, but do no damage.
You block Mrkan's ghost's attack. Mrkan's ghost hits you!
You closely miss Mrkan's ghost. Mrkan's ghost hits you!
You closely miss Mrkan's ghost. You headbutt Mrkan's ghost.
Mrkan's ghost is lightly damaged.
You block Mrkan's ghost's attack.
You closely miss Mrkan's ghost.
Mrkan's ghost is lightly damaged.
Mrkan's ghost hits you!
* * * LOW HITPOINT WARNING * * *
Mrkan's ghost hits you.
You die...

#.<......................
#......(......####...####
#.).....#............#...
#.......#.........##...##
#.......#.....#..###...##
#..##.#####.#.#..........
#.###..# #......).......
#.# ##.####.....#####.###
#.# #..@#..#....##......
###.######W#.##...........)
#......# #.......#.##......
#......####.#..#.#.##......
#......##...##.#...##......
#..........######..##......
#.........## #...#......
#......#### #.#.#......
#......# #.#........


You could see Mrkan's ghost.

Vanquished Creatures
  3 adders
  2 oozes (D:2)
  2 worms (D:2)
  A dart slug (D:2)
  4 bats
  5 giant cockroaches
  6 goblins
  7 hobgoblins
  2 jackals (D:1)
  2 ball pythons (D:3)
  5 frilled lizards (D:1)
  4 kobolds
  10 rats
  2 plants (D:1)
55 creatures vanquished.

Notes
Turn   | Place    | Note
-------+----------+-------------------------------------------
     0 | D:1      | Mrkan the Minotaur Fighter began the quest for the Orb.
     0 | D:1      | Reached XP level 1. HP: 19/19 MP: 0/0
   111 | D:1      | Reached XP level 2. HP: 25/26 MP: 1/1
   574 | D:1      | Reached XP level 3. HP: 31/31 MP: 2/2
  1247 | D:2      | Reached XP level 4. HP: 39/39 MP: 3/3
  1787 | D:3      | Noticed Mrkan's ghost (amateur TrMo)
  1801 | D:3      | Slain by Mrkan's ghost

Skill      XL: |  1  2  3 |
---------------+----------+-----
Axes           | 3 4 |  4.8
Armour         | 4 |  4.6
Fighting       | |  3.6
Shields        | |  3.6

Action                   |  1- 3 |  4- 6 || total
-------------------------+-------+-------++-------
Melee: War axe           |   146 |    25 ||   171
       Headbutt          |    20 |     5 ||    25
  Use: Scroll            |       |     2 ||     2
  Eat: Chunk             |     1 |     2 ||     3
Armor: Scale mail        |    53 |     8 ||    61
Dodge: Dodged            |    29 |     2 ||    31
Block: Shield            |    62 |    12 ||    74
